 Dungeon Crawl Stone Soup version 0.31-a0-978-g1e143483b6 (webtiles) character file.

Game seed: 16599036656073894054

103 timneilson the Ruffian (level 4, -6/29 HPs)
             Began as an Octopode Shapeshifter on Oct 30, 2023.
             Mangled by a hobgoblin
             ... wielding a +0 short sword
             ... led by Robin
              (9 damage)
             ... on level 3 of the Dungeon.
             The game lasted 00:05:43 (2207 turns).

timneilson the Ruffian (Octopode Shapeshifter)      Turns: 2207, Time: 00:05:44

Health: -6/29      AC:  1    Str: 15    XL:     4   Next: 79%
Magic:  5/5        EV: 13    Int: 12    God:
Gold:   84         SH:  0    Dex: 11    Spells: 4/4 levels left

rFire   . .          .
                       - Unarmed
rCold   . . .        (no shield)
rNeg    . . .        (helmet currently unavailable)
rPois   .            (no amulet)
rElec   .            (no ring)
rCorr   .            (no ring)
SInv    .            (no ring)
Will    .....        (no ring)
Stlth   +++          (no ring)
HPRegen 0.24/turn    (no ring)
MPRegen 0.09/turn    (no ring)
                     (no ring)

%: no passive effects
@: brilliant, beast-form, hasted, very quick
A: beast (slay +1), almost no armour, amphibious, 8 rings, camouflage 1,
gelatinous body 1, (nimble swimmer 1), tentacles
a: Begin Untransformation


You were on level 3 of the Dungeon.
You were a hulking beast.
You visited 1 branch of the dungeon, and saw 3 of its levels.

You collected 84 gold pieces.

Inventory:

Talismans
 b - a beast talisman
 c - a flux talisman
Scrolls
 g - a scroll of teleportation {unknown}
 h - a scroll of noise {unknown}
Potions
 a - 2 potions of lignification
 d - a potion of brilliance
 f - a potion of might


   Skills:
 * Level 2.0 Fighting
 * Level 2.6 Dodging
 + Level 2.0 Stealth
 * Level 3.5 Unarmed Combat
 + Level 0.9 Spellcasting
 * Level 3.4 Shapeshifting


You had 4 spell levels left.
You didn't know any spells.
Your spell library was empty.

Dungeon Overview and Level Annotations

Branches:
Dungeon (3/15)

Altars:


Innate Abilities, Weirdness & Mutations

You are a hulking beast.
Your limbs bulge with bestial killing power. (Slay +1)
You cannot wear most types of armour.
You are amphibious.
You can wear up to eight rings at the same time.
Your skin changes colour to match your surroundings (Stealth+).
Your rubbery body absorbs attacks. (AC +1, EV +1)
((You are camouflaged when in or above water. (Stealth+)))
You have tentacles for arms and can constrict up to eight enemies at once.


Message History

The goblin hits you with a +0 dagger.
You bludgeon the goblin!
You kill the goblin!
A goblin comes into view. It is wielding a +0 dagger.
Robin throws the goblin at you!
You tentacle-slap the goblin.
You kill the goblin!
Robin misses you.
Items here: )))) ††.
You barely miss Robin. You grab Robin. You constrict Robin, but do no damage.
Robin misses you.
You tentacle-slap Robin. You squeeze Robin, but do no damage.
Robin is lightly wounded.
You constrict Robin. Robin hits you with a +0 falchion!
You tentacle-slap Robin. Your squeeze misses Robin.
Robin is heavily wounded.
You constrict Robin, but do no damage. Robin hits you with a +0 falchion.
* * * LOW HITPOINT WARNING * * *
You tentacle-slap Robin but do no damage.
You squeeze Robin, but do no damage.
Robin is heavily wounded.
You constrict Robin.
Robin flexes a bicep menacingly.
Robin hits you with a +0 falchion.
* * * LOW HITPOINT WARNING * * *
It was a potion of brilliance.
You feel clever all of a sudden.
You constrict Robin. Robin misses you.
It was a potion of haste.
You feel yourself speed up.
You constrict Robin. Robin closely misses you.
You tentacle-slap Robin.
You kill Robin!
Your Fighting skill increases to level 2!
Your Stealth skill increases to level 2!
The hobgoblin barely misses you.
Things that are here:
a +0 falchion; a +2 animal skin; a +0 helmet You closely miss the hobgoblin.
Your grab misses the hobgoblin.
The hobgoblin hits you with a +0 short sword!
You die...

##.................
........###.######
###.....###.#########
+.......>..........
##.....##.##########
#.)))........ ...
###.#####.### ## #)#
#.# #h# #. ##### #g#
#. #.... ... #.###
##.#. #.### #.#..
#.... ..# .. #<...
### ... #.... .#.
#.... # #....


You could see a hobgoblin (strong).

Vanquished Creatures
  Robin (D:3)
  5 adders (D:2)
  6 endoplasms
  A giant cockroach (D:1)
  7 hobgoblins
  2 jackals (D:2)
  A ball python (D:1)
  2 bats
  A frilled lizard (D:3)
  10 goblins
  4 kobolds
  5 rats
45 creatures vanquished.

Notes
Turn   | Place    | Note
-------+----------+-------------------------------------------
     0 | D:1      | timneilson the Octopode Shapeshifter began the quest for
                  | the Orb.
     0 | D:1      | Reached XP level 1. HP: 13/13 MP: 1/1
   320 | D:1      | Reached XP level 2. HP: 14/18 MP: 2/2
  1095 | D:2      | Reached skill level 1 in Stealth
  1095 | D:2      | Reached XP level 3. HP: 11/23 MP: 3/3
  1453 | D:2      | Reached XP level 4. HP: 15/29 MP: 5/5
  2186 | D:3      | Noticed Robin
  2205 | D:3      | Killed Robin
  2207 | D:3      | Mangled by a hobgoblin

Illustrated notes

Levels and vault maps discovered:
D:1:      minmay_arrival_widening_spiral_wide, layout_basic,
          grunt_decor_resistance
D:2:      layout_basic, nicolae_the_louvre
D:3:      layout_basic, serial_bayou_crossing, uniq_robin

Skill      XL: |  1  2  3  4 |
---------------+-------------+-----
Stealth        | 1 2 |  2.0
Fighting       | 2 |  2.0
Dodging        | |  2.6
Unarmed Combat | |  3.5
Spellcasting   | |  0.9
Shapeshifting  | |  3.4

Action                     |  1- 3 |  4- 6 || total
---------------------------+-------+-------++-------
  Melee: Unarmed           |    45 |    38 ||    83
         Tentacles         |     7 |     5 ||    12
         Constrict         |     9 |     6 ||    15
    Use: Scroll            |     2 |       ||     2
         Potion            |       |     2 ||     2
   Stab: Sleeping          |     8 |     2 ||    10
         Distracted        |     1 |       ||     1
 Armour: Skin              |    21 |    18 ||    39
  Dodge: Dodged            |    12 |    13 ||    25

Table legend: (Time is in decaauts)
 A = Elapsed time spent in this place.
 B = Non-inter-level travel time spent in this place.
 C = Inter-level travel time spent in this place.
 D = Time resting spent in this place.
 E = Time spent auto-exploring this place.
 F = Levels seen in this place.
 G = Mean time per level.
                   A        B        C        D        E       F      G
               +--------+--------+--------+--------+--------+-----+--------+
         Total |   2202 |   2176 |     26 |    207 |   1424 |   3 |  734.0 |
       Dungeon |   2202 |   2176 |     26 |    207 |   1424 |   3 |  734.0 |
               +--------+--------+--------+--------+--------+-----+--------+

Top non-repeatable levels by time:
     D:1: 1075 daAuts
     D:2: 876 daAuts
     D:3: 250 daAuts
